 Dungeon Crawl Stone Soup version 0.23.1-42-g8abd8fc (webtiles) character file.

Game seed: 127610865061531332

4797 redwoodhats the Archer (level 10, -23/84 HPs)
             Began as a Centaur Chaos Knight on Mar 30, 2019.
             Was a Plaything of Xom.
             Annihilated by an ogre
             ... wielding a +0 giant spiked club
              (24 damage)
             ... on level 9 of the Dungeon.
             The game lasted 00:41:34 (8362 turns).

redwoodhats the Archer (Centaur Chaos Knight)       Turns: 8362, Time: 00:41:34

Health: -23/84     AC: 14    Str: 16    XL:     10   Next: 24%
Magic:  10/10      EV: 12    Int: 11    God:    Xom [..*...]
Gold:   361        SH: 15    Dex: 18    Spells: 9/9 levels left

rFire    + + .     SeeInvis .   g - +5 dagger (venom)
rCold    . . .     Gourm    .   s - +2 large shield {rF+}
rNeg     . . .     Faith    .   b - +2 leather armour
rPois    .         Spirit   .   h - +2 hat
rElec    +         Reflect  .   (no cloak)
rCorr    .         Harm     .   z - +2 pair of gloves
MR       .....                  (no barding)
Stlth    +++.......             (no amulet)
HPRegen  0.24/turn              k - ring of protection from fire
MPRegen  0.12/turn              (no ring)

@: agile, lethally poisoned (-23 -> -31), hasted, very quick
A: large, hooves 3, horns 1, iridescent scales 1, thin skeletal structure 1,
deformed body, speed 2, electricity resistance, tough skin 3
a: Renounce Religion


You were on level 9 of the Dungeon.
You worshipped Xom.
You were a toy of Xom.
You were not hungry.

You visited 1 branch of the dungeon, and saw 9 of its levels.
You also visited: Sewer and Bailey.

You collected 503 gold pieces.
You spent 142 gold pieces at shops.

Inventory:

Hand Weapons
 a - a +0 mace of chaos
 d - a +0 long sword
 g - a +5 dagger of venom (weapon)
 x - a +0 shortbow
Missiles
 y - 81 arrows
Armour
 b - a +2 leather armour (worn)
 f - a +0 scale mail of cold resistance
 h - a +2 hat (worn)
 i - a +1 leather armour of cold resistance
 s - a +2 large shield of fire resistance (worn)
 z - a +2 pair of gloves (worn)
 B - a +1 shield of protection
Jewellery
 k - a ring of protection from fire (left hand)
Wands
 e - a wand of flame (27)
 t - a wand of clouds (4)
 A - a wand of iceblast (17)
 C - a wand of disintegration (10)
Scrolls
 j - 6 scrolls of teleportation
 l - 4 scrolls of remove curse
 m - 3 scrolls of blinking
 o - 3 scrolls of amnesia
 q - a scroll of fear
 r - a scroll of random uselessness
 E - 3 scrolls of identify
Potions
 u - a potion of brilliance
Comestibles
 c - 8 rations


   Skills:
 + Level 6.5 Fighting
 + Level 7.3 Short Blades
 + Level 3.9 Maces & Flails
 + Level 9.1 Bows
 + Level 0.2 Throwing
 + Level 3.6 Armour
 + Level 3.8 Dodging
 + Level 1.8 Stealth
 + Level 2.3 Shields


You had 9 spell levels left.
You didn't know any spells.
Your spell library contained the following spells:

 Spells                   Type           Power        Failure   Level  Hunger
 Confusing Touch          Hex            #.....       100%        1    ##.....
 Confuse                  Hex            #.......     100%        3    ####...
 Gell's Gravitas          Tloc           #.........   100%        3    ####...
 Petrify                  Tmut/Erth      #.......     100%        4    #####..
 Metabolic Englaciation   Hex/Ice        #.........   100%        5    ######.
 Yara's Violent Unravell  Hex/Tmut       #.........   100%        5    ######.


Dungeon Overview and Level Annotations

Branches:
Dungeon (9/15)             Temple (0/1) D:5
   Lair: D:8-11         Orc: D:9-12

Altars:
Ashenzari
Hepliaklqana
Makhleb
Nemelex Xobeh
Sif Muna
Vehumet

Shops:
D:5 }[


Innate Abilities, Weirdness & Mutations

You have hooves in place of feet.
Armour fits poorly on your strangely shaped body.
You cover ground very quickly.
You have extremely tough skin. (AC +3)
You have a pair of small horns on your head.
You are partially covered in iridescent scales. (AC +2)
You have a somewhat thin skeletal structure. (Dex +2, Stealth)
You are resistant to electric shocks. (rElec)


Message History

You can move again.
You barely miss the ogre.
The ogre is severely wounded.
The ogre hits you with a +0 giant spiked club!!
* * * LOW HITPOINT WARNING * * *
The orc closely misses you. The hornet stings you.
* * * LOW HITPOINT WARNING * * *
You feel yourself slow down.
You feel agile all of a sudden.
* * * LOW HITPOINT WARNING * * *
You feel sick. You block the hornet's attack.
The orc hits you but does no damage. You block the orc's attack.
You feel yourself speed up.
* * * LOW HITPOINT WARNING * * *
You feel sick.
* * * LOW HITPOINT WARNING * * *
You feel sick.
The ogre hits you with a +0 giant spiked club!!
You die...
Xom bursts into laughter!

##.. ..... .... .
...## .. #..###
#... #...##.....
##..........
...###..Oo.......
#.....@yo.......
#...####........
## ###....#.
.....# #.....
..### .#.


You could see a hornet, an ogre and 2 orcs.

Vanquished Creatures
  An orc knight (Bailey)
  A queen bee (shapeshifter) (D:4)
  2 hippogriffs
  A hungry ghost (D:8)
  Menkaure (D:5)
  A hornet zombie (D:8)
  6 orc warriors
  2 phantoms
  3 sky beasts
  2 ogres
  4 centaurs
  3 big kobolds
  2 bullfrogs (D:8)
  A gnoll sergeant (D:6)
  A scorpion (D:6)
  A howler monkey (D:7)
  3 crimson imps
  5 orc priests
  2 centaur skeletons
  4 orc wizards
  2 bullfrog skeletons
  2 iguanas (D:5)
  Terence (D:2)
  Natasha (D:4)
  3 worker ants
  A killer bee zombie (D:5)
  A hound skeleton (D:5)
  2 worker ant zombies (D:8)
  5 adders
  3 gnolls (D:6)
  A howler monkey skeleton (D:6)
  2 river rats (Sewer)
  A shadow imp (D:6)
  5 oozes
  An adder zombie (D:6)
  4 worms
  A dart slug (D:4)
  7 leopard geckos
  33 orcs
  3 bats
  6 giant cockroaches
  11 goblins
  5 hobgoblins
  2 quokkas
  5 ball pythons
  9 frilled lizards
  6 kobolds
  A leopard gecko skeleton (D:6)
  A quokka skeleton (D:4)
  7 rats
178 creatures vanquished.

Vanquished Creatures (collateral kills)
  An orc knight (Bailey)
  A hornet (D:6)
  2 orc warriors (Bailey)
  A phantom (D:7)
  A centaur (D:6)
  A crimson imp (D:7)
  2 orc priests (D:7)
  5 orcs
14 creatures vanquished.

Vanquished Creatures (others)
  A dancing weapon (Bailey)
  4 toadstools (D:1)
5 creatures vanquished.

Grand Total: 197 creatures vanquished

Notes
Turn   | Place    | Note
-------+----------+-------------------------------------------
     0 | D:1      | redwoodhats the Centaur Chaos Knight began the quest for
                  | the Orb.
     0 | D:1      | Reached XP level 1. HP: 19/19 MP: 1/1
   142 | D:1      | Reached XP level 2. HP: 26/26 MP: 2/2
   879 | D:1      | XOM: harmless Chrm miscast
   880 | D:1      | Reached XP level 3. HP: 31/31 MP: 3/3
  1175 | D:2      | Reached skill level 1 in Dodging
  1567 | D:2      | Noticed Terence
  1602 | D:2      | Killed Terence
  1602 | D:2      | Reached XP level 4. HP: 3/40 MP: 4/4
  2021 | D:2      | XOM: cloud trail
  2177 | D:3      | XOM: god gift: scroll of teleportation
  2331 | D:3      | Found a glowing drain.
  2335 | Sewer    | Entered a sewer
  2362 | Sewer    | Noticed a big kobold
  2375 | Sewer    | XOM: enchant monster (good)
  2376 | Sewer    | Killed a big kobold
  2376 | Sewer    | Reached skill level 1 in Short Blades
  2376 | Sewer    | Reached XP level 5. HP: 27/46 MP: 5/5
  2834 | Sewer    | XOM: harmless Tmut miscast
  2884 | D:3      | Reached XP level 6. HP: 52/52 MP: 6/6
  3589 | D:4      | Found a sparkling altar of Nemelex Xobeh.
  3838 | D:4      | Noticed a shapeshifter
  3838 | D:4      | a worker ant changed into a shapeshifter
  3838 | D:4      | XOM: polymorph worker ant -> shapeshifter
  3838 | D:4      | Noticed a spriggan
  3838 | D:4      | a shapeshifter changed into a spriggan
  3843 | D:4      | Noticed a guardian serpent
  3843 | D:4      | a spriggan changed into a guardian serpent
  3846 | D:4      | XOM: confuse monster(s)
  3856 | D:4      | Noticed a meliai
  3856 | D:4      | a guardian serpent changed into a meliai
  3863 | D:4      | XOM: potion effect (invisibility)
  3867 | D:4      | Noticed a shapeshifter
  3867 | D:4      | a meliai changed into a shapeshifter
  3867 | D:4      | XOM: polymorph meliai -> shapeshifter
  3867 | D:4      | Noticed a tarantella
  3867 | D:4      | a shapeshifter changed into a tarantella
  3908 | D:4      | XOM: summons friendly shadow imp
  3914 | D:4      | Noticed a queen bee
  3914 | D:4      | a tarantella changed into a queen bee
  3919 | D:4      | Killed a queen bee
  3919 | D:4      | Reached XP level 7. HP: 42/59 MP: 7/7
  4017 | D:4      | Reached skill level 1 in Stealth
  4311 | D:4      | Noticed Natasha
  4319 | D:4      | Killed Natasha
  4365 | D:5      | Entered Level 5 of the Dungeon
  4392 | D:5      | XOM: harmless Ice miscast
  4410 | D:5      | Found a staircase to the Ecumenical Temple.
  4486 | D:5      | Found Wukky's Gadget Shop.
  4679 | D:5      | XOM: give mutation
  4679 | D:5      | Gained mutation: You are clumsy. (Dex -2) [Xom's mischief]
  4872 | D:5      | Found Icamuun's Antique Armour Shop.
  4900 | D:5      | Bought a pair of glowing gloves for 142 gold pieces
  4977 | D:5      | Noticed Menkaure
  4980 | D:5      | XOM: fake destruction
  4991 | D:5      | XOM: cleaving
  4994 | D:5      | XOM: blink monster(s)
  4997 | D:5      | XOM: swap monsters
  4998 | D:5      | XOM: scenery: 1 doors close
  5001 | D:5      | Killed Menkaure
  5001 | D:5      | Reached skill level 1 in Bows
  5026 | D:5      | Found a deep blue altar of Sif Muna.
  5037 | D:5      | Found a shattered altar of Ashenzari.
  5037 | D:5      | Found a hazy altar of Hepliaklqana.
  5051 | D:5      | Found a burning altar of Makhleb.
  5059 | D:5      | Found a radiant altar of Vehumet.
  5108 | D:5      | XOM: harmless Tmut miscast
  5161 | D:6      | Noticed a hippogriff
  5177 | D:6      | Killed a hippogriff
  5177 | D:6      | Reached skill level 2 in Bows
  5177 | D:6      | Reached XP level 8. HP: 38/67 MP: 8/8
  5207 | D:6      | Reached skill level 3 in Bows
  5233 | D:6      | XOM: cleaving
  5324 | D:6      | Reached skill level 5 in Short Blades
  5358 | D:6      | Reached skill level 5 in Fighting
  5508 | D:6      | Reached skill level 4 in Bows
  5513 | D:6      | XOM: cloud trail
  5652 | D:6      | XOM: 1-stop teleportation journey
  5728 | D:6      | XOM: enchant monster (good)
  6027 | D:6      | Noticed a hornet
  6027 | D:6      | an ogre changed into a hornet
  6027 | D:6      | XOM: polymorph ogre -> hornet
  6030 | D:6      | Paralysed by a hornet for 1 turns
  6034 | D:6      | Killed a hornet
  6048 | D:6      | XOM is BORED!
  6048 | D:6      | XOM: mild Conj miscast
  6079 | D:6      | XOM: 8-stop teleportation journey
  6096 | D:6      | XOM: scenery: 2 doors close
  6186 | D:6      | Reached XP level 9. HP: 57/75 MP: 9/9
  6595 | D:7      | You fall through a shaft!
  6610 | D:8      | Found a flagged portal.
  6636 | Bailey   | Entered a bailey
  7048 | Bailey   | Noticed an orc knight
  7048 | Bailey   | Noticed an orc knight
  7105 | Bailey   | XOM: enchant monster (bad)
  7125 | Bailey   | Killed an orc knight
  7125 | Bailey   | Reached skill level 1 in Shields
  7147 | Bailey   | XOM: enchant monster (good)
  7184 | Bailey   | XOM: divination: detect items
  7189 | Bailey   | Reached skill level 5 in Bows
  7210 | Bailey   | XOM: confuse monster(s)
  7212 | Bailey   | Killed an orc knight
  7212 | Bailey   | Reached skill level 6 in Bows
  7470 | D:8      | Reached skill level 7 in Bows
  7514 | D:8      | XOM: enchant monster (good)
  7515 | D:8      | Reached skill level 8 in Bows
  7520 | D:8      | XOM: summons 8 friendly demons
  7630 | D:8      | Reached XP level 10. HP: 63/84 MP: 10/10
  7658 | D:8      | Reached skill level 9 in Bows
  7719 | D:8      | XOM: confuse monster(s)
  7776 | D:8      | XOM: 9-stop teleportation journey
  7831 | D:8      | XOM: noise
  7993 | D:8      | Found a burning altar of Makhleb.
  7993 | D:8      | Noticed a cacodemon
  7997 | D:8      | Noticed an orange demon
  8341 | D:8      | Lost mutation: You are clumsy. (Dex -2) [potion of
                  | mutation]
  8341 | D:8      | Gained mutation: You have a somewhat thin skeletal
                  | structure. (Dex +2, Stealth) [potion of mutation]
  8341 | D:8      | Gained mutation: You are resistant to electric shocks.
                  | (rElec) [potion of mutation]
  8341 | D:8      | Gained mutation: You have a pair of small horns on your
                  | head. [potion of mutation]
  8341 | D:8      | Gained mutation: You are partially covered in iridescent
                  | scales. (AC +2) [potion of mutation]
  8349 | D:9      | XOM: potion effect (haste)
  8357 | D:9      | Paralysed by a hornet for 1 turns
  8359 | D:9      | HP: 4/84 [hornet (3)]
  8362 | D:9      | HP: 1/84 [poisoned by a hornet]
  8362 | D:9      | Annihilated by an ogre

Skill      XL: |  1  2  3  4  5  6  7  8  9 10 |
---------------+-------------------------------+-----
Maces & Flails | 3 |  3.9
Dodging        | 1 2 3 |  3.8
Short Blades   | 1 2 3 4 6 7 |  7.3
Armour         | 2 3 |  3.6
Fighting       | 4 5 6 |  6.5
Stealth        | 1 |  1.8
Bows           | 2 4 8 9 |  9.1
Shields        | 1 2 |  2.3
Throwing       | |  0.2

Action                   |  1- 3 |  4- 6 |  7- 9 | 10-12 || total
-------------------------+-------+-------+-------+-------++-------
Melee: Mace              |    54 |       |       |       ||    54
       Kick              |    20 |    16 |    65 |    26 ||   127
       Dagger            |    39 |   102 |   313 |   116 ||   570
 Fire: Shortbow          |       |       |    79 |       ||    79
Throw: Throwing net      |       |       |     3 |       ||     3
  Use: Scroll            |     5 |     5 |     3 |     1 ||    14
       Potion            |     1 |     4 |    10 |     3 ||    18
 Stab: Paralysed         |       |     1 |       |       ||     1
       Invisible         |       |     1 |       |       ||     1
       Sleeping          |       |       |     1 |       ||     1
       Confused          |       |       |       |     1 ||     1
  Eat: Ration            |     1 |     1 |     3 |     2 ||     7
Armor: Leather armour    |    36 |    24 |   118 |    33 ||   211
Dodge: Dodged            |    47 |    27 |    99 |    17 ||   190
Block: Shield            |       |       |    63 |       ||    63
       Large shield      |       |       |    23 |    73 ||    96
